 Dungeon Crawl Stone Soup version 0.21-a0-516-gaaff437 (webtiles) character file.

238 Gildeon the Slasher (level 5, -1/45 HPs)
             Began as a Demigod Fighter on Dec 3, 2017.
             Slain by Grinder (3 damage)
             ... on level 3 of the Dungeon.
             The game lasted 00:12:16 (2269 turns).

Gildeon the Slasher (Demigod Fighter)               Turns: 2269, Time: 00:12:17

Health: -1/45      AC:  8    Str: 21    XL:     5   Next: 48%
Magic:  7/7        EV:  9    Int: 12    God:
Gold:   150        SH:  2    Dex: 15    Spells: 4/4 levels left

rFire    . . .     SeeInvis .   a - +0 long sword
rCold    . . .     Gourm    .   (no shield)
rNeg     . . .     Faith    .   b - +1 scale mail
rPois    .         Spirit   .   (no helmet)
rElec    .         Reflect  +   h - +0 cloak
rCorr    .         Harm     .   (no gloves)
MR       .....                  (no boots)
Stlth    ..........             g - +2 amulet of reflection
HPRegen  0.15/turn              (no ring)
MPRegen  0.10/turn              (no ring)

@: no status effects
A: high mp 1
a: no special abilities


You were on level 3 of the Dungeon.
You were not hungry.

You visited 1 branch of the dungeon, and saw 3 of its levels.

You collected 150 gold pieces.

Inventory:

Hand Weapons
 a - a +0 long sword (weapon)
Missiles
 j - 55 arrows
Armour
 b - a +1 scale mail (worn)
 h - a +0 cloak (worn)
Jewellery
 g - a +2 amulet of reflection (around neck)
Wands
 l - a wand of iceblast (9)
Scrolls
 e - a scroll of remove curse
 p - a scroll of teleportation
Potions
 d - a potion of brilliance {unknown}
 i - a potion of flight {unknown}
 o - a potion of curing {unknown}
 q - a potion of heal wounds {unknown}
 r - a potion of ambrosia {unknown}
 s - a potion of invisibility {unknown}
Comestibles
 c - 6 chunks of flesh
 f - a bread ration
 k - 3 meat rations
 m - 4 royal jellies
 n - 5 fruits


   Skills:
 + Level 3.1 Fighting
 - Level 5.3 Long Blades
 - Level 2.6 Armour
   Level 2.6 Shields


You had 4 spell levels left.
You didn't know any spells.

Dungeon Overview and Level Annotations

Branches:
Dungeon (3/15)

Annotations:
D:3 Grinder


Innate Abilities, Weirdness & Mutations

You have an increased reservoir of magic. (+10% MP)


Message History

The worm is moderately wounded.
The worm bites you.
* * * LOW HITPOINT WARNING * * *
You slash the worm!
The worm is severely wounded.
You completely miss the worm.
The worm is severely wounded.
The worm completely misses you.
You riposte.
You slash the worm!
You kill the worm!
Okay, then.
Okay, then.
Okay, then.
Evoke which item? (* to show all) (? for menu, Esc to quit)
Aiming: Iceblast
Press: ? - help, Shift-Dir - straight line The mass of ice explodes!
The iceblast engulfs Grinder.
Grinder partially resists.
Grinder is severely wounded.
Grinder hits you.
You die...

#.###..###.....##. ####..#
#.##...##...#..... ##...>..
.#..#.....### #..###.. #.
.###....### #####.## ##. ###.
........# #.....# #.
.....#######.### #.##########
#.)..# #...###.######..(.
..#...######.#.##.........###
...........†@.........##### #
#........###5.........######
#.........#.................
.....>..................#####
##......................# #
#.....?....#....>.....##
#..........##....#...##
#..........##..#.#####
##........###.##.#


You could see Grinder.

Vanquished Creatures
  Sigmund (D:2)
  3 oozes
  A worm (D:3)
  4 dart slugs
  An orc (D:3)
  A ball python (D:2)
  6 bats
  8 goblins
  12 hobgoblins
  6 frilled lizards
  7 kobolds
  6 rats
56 creatures vanquished.

Notes
Turn   | Place    | Note
-------+----------+-------------------------------------------
     0 | D:1      | Gildeon the Demigod Fighter began the quest for the Orb.
     0 | D:1      | Reached XP level 1. HP: 18/18 MP: 3/3
    20 | D:1      | Reached skill level 2 in Long Blades
   184 | D:1      | Reached XP level 2. HP: 15/25 MP: 4/4
   390 | D:1      | Reached skill level 3 in Long Blades
   875 | D:1      | Reached XP level 3. HP: 28/30 MP: 5/5
  1357 | D:2      | Noticed Sigmund
  1375 | D:2      | Killed Sigmund
  1375 | D:2      | Reached skill level 5 in Long Blades
  1375 | D:2      | Reached XP level 4. HP: 13/37 MP: 6/6
  1375 | D:2      | Reached XP level 5. HP: 14/42 MP: 7/7
  2239 | D:3      | Noticed Grinder
  2266 | D:3      | HP: 2/45 [worm (6)]
  2269 | D:3      | Slain by Grinder

Vault maps used:
D:1:      minmay_arrival_plants_in_alcoves
D:2:      uniq_sigmund
D:3:      uniq_grinder

Skill      XL: |  1  2  3  4  5 |
---------------+----------------+-----
Long Blades    | 2 3 5 |  5.3
Fighting       | 3 |  3.1
Armour         | |  2.6
Shields        | |  2.6

Action                   |  1- 3 |  4- 6 || total
-------------------------+-------+-------++-------
Melee: Long sword        |   107 |    57 ||   164
Evoke: Wand              |       |     1 ||     1
  Use: Potion            |     1 |       ||     1
       Scroll            |       |     5 ||     5
  Eat: Chunk             |     2 |     3 ||     5
Armor: Scale mail        |    42 |    18 ||    60
Dodge: Dodged            |    59 |    32 ||    91
Block: Other             |     3 |     1 ||     4
       Rpst.: Long sword |    14 |    11 ||    25

Table legend:
 A = Spawn XP
 B = Non-spawn XP
 C = Spawn XP percentage of total XP
 D = Spawn monster count
 E = Non-spawn monster count
 F = Spawn count percentage of total count
 G = Total turns spent on level
                    A         B        C        D         E        F      G
               +---------+---------+-------+---------+---------+-------+---------
         Total |       0 |     340 |   0.0 |       0 |      56 |   0.0 |  2269
               +---------+---------+-------+---------+---------+-------+---------
           D:1 |       0 |      54 |   0.0 |       0 |      28 |   0.0 |  1217
           D:2 |       0 |     255 |   0.0 |       0 |      17 |   0.0 |   807
           D:3 |       0 |      31 |   0.0 |       0 |      11 |   0.0 |   245
               +---------+---------+-------+---------+---------+-------+---------
